General information
- name: BNet
- type: Ladder team game (AT/RT)
- host: Battle.net
- saver: XBOX-720-SUCKS
map: FullScaleAssault
- players: 8
- length: 23:06
- speed: Fast
- version: 1.26 W3XP
- replay type: Public
» download(159 KB)
Players
team 1 (winner)

»
lsx- (
green | 108 APM | 2489 actions | 23:05)
7 Pandaren Brewmaster
3 Breath of Fire
3 Drunken Haze
1 Storm Earth and Fire
» actions
| Assign group hotkey | 54 | |
| Basic commands | 1 | |
| Build / train | 105 | |
| ESC pressed | 4 | |
| Enter build submenu | 24 | |
| Enter hero's abilities submenu | 7 | |
| Give item / drop item | 2 | |
| Right click | 1381 | |
| Select / deselect | 315 | |
| Select group hotkey | 532 | |
| Use ability | 64 | |
2489 total
» units
| Wisp | 30 | |
| Huntress | 10 | |
| Hippogryph | 7 | |
| Mountain Giant | 2 | |
| Faerie Dragon | 2 | |
| Dryad | 5 | |
| Druid of the Talon | 7 | |
63 total
» upgrades
| Strength of the Wild | 3 | |
| Reinforced Hides | 3 | |
| Hardened Skin | 1 | |
| Resistant Skin | 1 | |
| Abolish Magic | 1 | |
| Druid of the Talon Training | 2 | |
| Ultravision | 1 | |
| Well Spring | 1 | |
| Mark of the Talon | 1 | |
| Strength of the Moon | 1 | |
| Moon Armor | 1 | |
16 total
» buildings
| Altar of Elders | 1 | |
| Moon Well | 9 | |
| Hunter's Hall | 1 | |
| Ancient of War | 1 | |
| Ancient of Wonders | 1 | |
| Ancient Protector | 4 | |
| Tree of Life | 1 | |
| Tree of Ages | 4 | |
| Ancient of Wind | 2 | |
| Ancient of Lore | 1 | |
| Tree of Eternity | 1 | |
26 total
» build order
00:16 Altar of Elders
00:20 Moon Well
01:33 Hunter's Hall
01:48 Ancient of War
02:02 Moon Well
02:12 Moon Well
02:41 Ancient of Wonders
02:50 Ancient Protector
05:13 Tree of Life
05:18 Ancient Protector
05:19 Ancient Protector
05:49 Tree of Ages
05:49 Tree of Ages
05:49 Tree of Ages
06:44 Ancient Protector
08:32 Ancient of Wind
08:33 Ancient of Wind
08:41 Ancient of Lore
09:04 Tree of Eternity
09:15 Moon Well
09:16 Moon Well
11:21 Moon Well
17:48 Moon Well
17:48 Moon Well
17:49 Moon Well
» items
| Boots of Speed | 1 | |
| Scroll of Town Portal | 2 | |
| Orb of Venom | 1 | |
| Anti-magic Potion | 1 | |
5 total
badnurse (
teal | 47 APM | 1081 actions | 23:05)
4 Priestess of the Moon
2 Searing Arrows
2 Trueshot Aura
4 Keeper of the Grove
2 Entangling Roots
2 Thorns Aura
» actions
| Assign group hotkey | 18 | |
| Basic commands | 106 | |
| Build / train | 68 | |
| Enter build submenu | 19 | |
| Enter hero's abilities submenu | 8 | |
| Right click | 198 | |
| Select / deselect | 200 | |
| Select group hotkey | 400 | |
| Use ability | 64 | |
1081 total
» units
| Wisp | 25 | |
| Archer | 3 | |
| Huntress | 3 | |
| Druid of the Claw | 8 | |
| Mountain Giant | 2 | |
41 total
» upgrades
| Strength of the Wild | 3 | |
| Sentinel | 1 | |
| Improved Bows | 1 | |
| Druid of the Claw Training | 2 | |
| Reinforced Hides | 3 | |
| Mark of the Claw | 1 | |
| Well Spring | 1 | |
| Strength of the Moon | 1 | |
| Moon Armor | 1 | |
14 total
» buildings
| Altar of Elders | 1 | |
| Moon Well | 9 | |
| Ancient of War | 2 | |
| Hunter's Hall | 1 | |
| Tree of Ages | 1 | |
| Tree of Life | 2 | |
| Tree of Eternity | 1 | |
| Ancient of Lore | 2 | |
| Ancient Protector | 1 | |
| Ancient of Wonders | 1 | |
21 total
» build order
00:21 Altar of Elders
00:36 Moon Well
01:21 Ancient of War
01:47 Moon Well
02:03 Ancient of War
02:47 Moon Well
03:03 Hunter's Hall
04:01 Tree of Ages
05:38 Moon Well
06:32 Tree of Life
06:34 Tree of Eternity
06:46 Moon Well
06:57 Ancient of Lore
07:04 Ancient of Lore
11:14 Ancient Protector
12:16 Tree of Life
16:46 Ancient of Wonders
20:54 Moon Well
20:54 Moon Well
20:57 Moon Well
20:57 Moon Well
» items

»
Accension (
pink | 65 APM | 1503 actions | 23:05)
4 Blademaster
2 Critical Strike
2 Wind Walk
4 Far Seer
2 Feral Spirit
2 Chain Lighting
» actions
| Assign group hotkey | 87 | |
| Basic commands | 68 | |
| Build / train | 103 | |
| ESC pressed | 13 | |
| Enter build submenu | 25 | |
| Enter hero's abilities submenu | 8 | |
| Give item / drop item | 4 | |
| Remove unit from queue | 1 | |
| Right click | 413 | |
| Select / deselect | 355 | |
| Select group hotkey | 358 | |
| Use ability | 68 | |
1503 total
» units
| Peon | 14 | |
| Grunt | 4 | |
| Goblin Shredder | 3 | |
| Goblin Zeppelin | 3 | |
| Tauren | 5 | |
| Troll Batrider | 1 | |
| Kodo Beast | 1 | |
| Shaman | 4 | |
| Troll Witch Doctor | 3 | |
| Wind Rider | 4 | |
| Raider | 4 | |
| Spirit Walker | 1 | |
47 total
» upgrades
| Spiked Barricades | 3 | |
| Melee Weapons | 3 | |
| Berserker Strength | 1 | |
| Shaman Training | 2 | |
| Witch Doctor Training | 2 | |
| War Drums Damage Increase | 1 | |
| Pulverize | 1 | |
| Armor | 3 | |
| Envenomed Spears | 1 | |
| Ranged Weapons | 3 | |
| Reinforced Defenses | 1 | |
| Ensnare | 1 | |
| Spirit Walker Training | 2 | |
24 total
» buildings
| Altar of Storms | 1 | |
| Orc Burrow | 8 | |
| Barracks | 1 | |
| Voodoo Lounge | 1 | |
| Stronghold | 1 | |
| War Mill | 2 | |
| Fortress | 4 | |
| Spirit Lodge | 2 | |
| Great Hall | 3 | |
| Tauren Totem | 1 | |
| Beastiary | 3 | |
27 total
» build order
00:04 Altar of Storms
00:16 Orc Burrow
00:57 Barracks
01:11 Voodoo Lounge
01:35 Orc Burrow
02:53 Stronghold
02:56 War Mill
04:09 Orc Burrow
05:04 Orc Burrow
05:54 Fortress
05:54 Fortress
05:55 Fortress
07:51 Spirit Lodge
07:53 Spirit Lodge
08:42 Great Hall
08:48 Tauren Totem
08:51 Beastiary
08:54 Beastiary
10:13 Orc Burrow
10:33 Orc Burrow
10:53 Beastiary
14:27 War Mill
15:19 Orc Burrow
15:20 Orc Burrow
17:58 Great Hall
21:37 Great Hall
» items
| Healing Salve | 2 | |
| Orb of Lightning | 1 | |
| Lesser Clarity Potion | 1 | |
| Scroll of Town Portal | 2 | |
6 total

»
XBOX-720-SUCKS (
yellow | 67 APM | 1551 actions | 23:06)
7 Pandaren Brewmaster
3 Breath of Fire
3 Drunken Brawler
1 Storm Earth and Fire
» actions
| Assign group hotkey | 34 | |
| Basic commands | 2 | |
| Build / train | 57 | |
| Enter build submenu | 19 | |
| Enter hero's abilities submenu | 7 | |
| Give item / drop item | 4 | |
| Right click | 676 | |
| Select / deselect | 234 | |
| Select group hotkey | 437 | |
| Use ability | 81 | |
1551 total
» units
| Acolyte | 11 | |
| Ghoul | 3 | |
| Crypt Fiend | 9 | |
| Frost Wyrm | 5 | |
| Goblin Zeppelin | 1 | |
29 total
» upgrades
| Creature Attack | 2 | |
| Burrow | 1 | |
| Web | 1 | |
| Freezing Breath | 1 | |
5 total
» buildings
| Graveyard | 1 | |
| Crypt | 2 | |
| Altar of Darkness | 1 | |
| Ziggurat | 8 | |
| Tomb of Relics | 3 | |
| Necropolis | 1 | |
| Nerubian Tower | 1 | |
| Halls of the Dead | 1 | |
| Spirit Tower | 1 | |
| Sacrificial Pit | 1 | |
| Black Citadel | 1 | |
| Boneyard | 2 | |
23 total
» build order
00:09 Graveyard
00:11 Crypt
00:43 Altar of Darkness
00:59 Ziggurat
01:30 Tomb of Relics
02:04 Ziggurat
03:51 Ziggurat
04:47 Necropolis
05:34 Nerubian Tower
05:41 Halls of the Dead
06:14 Ziggurat
06:15 Ziggurat
06:51 Ziggurat
06:54 Ziggurat
07:14 Crypt
07:49 Spirit Tower
08:32 Sacrificial Pit
08:54 Black Citadel
11:11 Tomb of Relics
11:16 Boneyard
11:18 Boneyard
17:39 Tomb of Relics
17:48 Ziggurat
» items
| Rod of Necromancy | 2 | |
| Scroll of Town Portal | 3 | |
| Orb of Corruption | 1 | |
| Potion of Lesser Invulnerability | 1 | |
| Scroll of Healing | 1 | |
| Scroll of Protection | 1 | |
9 total
team 2 (loser)

»
Archimedesx (
purple | 64 APM | 1247 actions | 19:25)
5 Death Knight
2 Death Coil
2 Unholy Aura
1 Death Pact
3 Lich
2 Frost Nova
1 Frost Armor
1 Crypt Lord
1 Impale
» actions
| Assign group hotkey | 6 | |
| Basic commands | 1 | |
| Build / train | 56 | |
| Enter build submenu | 24 | |
| Enter hero's abilities submenu | 9 | |
| Remove unit from queue | 2 | |
| Right click | 848 | |
| Select / deselect | 216 | |
| Select group hotkey | 16 | |
| Use ability | 69 | |
1247 total
» units
| Acolyte | 7 | |
| Ghoul | 3 | |
| Crypt Fiend | 8 | |
| Goblin Zeppelin | 1 | |
| Obsidian Statue | 2 | |
| Frost Wyrm | 1 | |
| Necromancer | 2 | |
24 total
» upgrades
| Creature Attack | 2 | |
| Web | 1 | |
| Creature Carapace | 2 | |
| Skeletal Mastery | 1 | |
| Skeletal Longevity | 1 | |
7 total
» buildings
| Altar of Darkness | 1 | |
| Crypt | 1 | |
| Ziggurat | 10 | |
| Graveyard | 1 | |
| Tomb of Relics | 1 | |
| Halls of the Dead | 1 | |
| Black Citadel | 1 | |
| Sacrificial Pit | 1 | |
| Boneyard | 2 | |
| Necropolis | 1 | |
| Slaughterhouse | 3 | |
| Temple of the Damned | 2 | |
| Spirit Tower | 2 | |
27 total
» build order
00:19 Altar of Darkness
00:23 Crypt
00:28 Ziggurat
01:03 Graveyard
01:32 Ziggurat
01:57 Tomb of Relics
03:04 Halls of the Dead
05:16 Ziggurat
05:18 Ziggurat
06:49 Black Citadel
10:49 Sacrificial Pit
11:57 Boneyard
12:01 Boneyard
12:42 Necropolis
12:47 Ziggurat
13:12 Slaughterhouse
13:17 Slaughterhouse
13:48 Slaughterhouse
13:52 Temple of the Damned
14:02 Ziggurat
14:02 Ziggurat
14:03 Ziggurat
14:04 Ziggurat
16:42 Temple of the Damned
17:02 Spirit Tower
17:05 Ziggurat
17:59 Spirit Tower
» items
| Rod of Necromancy | 1 | |
| Scroll of Town Portal | 2 | |
| Potion of Healing | 3 | |
| Potion of Mana | 1 | |
| Orb of Corruption | 1 | |
8 total
seiyakevin (
orange | 11 APM | 250 actions | 23:05)
2 Tauren Chieftain
1 War Stomp
1 Endurance Aura
» actions
| Assign group hotkey | 4 | |
| Basic commands | 8 | |
| Build / train | 17 | |
| Enter build submenu | 9 | |
| Enter hero's abilities submenu | 2 | |
| Give item / drop item | 1 | |
| Right click | 96 | |
| Select / deselect | 71 | |
| Select group hotkey | 25 | |
| Use ability | 17 | |
250 total
» units
» buildings
| Orc Burrow | 5 | |
| Altar of Storms | 1 | |
| Barracks | 1 | |
| Voodoo Lounge | 1 | |
| War Mill | 1 | |
| Stronghold | 1 | |
10 total
» build order
00:07 Orc Burrow
00:10 Altar of Storms
00:22 Barracks
01:41 Orc Burrow
02:15 Voodoo Lounge
03:40 War Mill
04:11 Stronghold
04:34 Orc Burrow
05:08 Orc Burrow
05:39 Orc Burrow
» items
| Lesser Clarity Potion | 1 | |
| Scroll of Speed | 1 | |
| Healing Salve | 1 | |
3 total

»
atraco (
blue | 51 APM | 977 actions | 19:19)
4 Mountain King
2 Storm Bolt
2 Bash
1 Paladin
1 Holy Light
» actions
| Assign group hotkey | 20 | |
| Basic commands | 70 | |
| Build / train | 82 | |
| Enter build submenu | 30 | |
| Enter hero's abilities submenu | 5 | |
| Give item / drop item | 2 | |
| Remove unit from queue | 3 | |
| Right click | 217 | |
| Select / deselect | 266 | |
| Select group hotkey | 200 | |
| Use ability | 82 | |
977 total
» units
| Peasant | 29 | |
| Footman | 11 | |
| Gryphon Rider | 4 | |
44 total
» upgrades
| Defend | 1 | |
| Lumber Harvesting | 2 | |
| Masonry | 1 | |
| Swords | 1 | |
| Plating | 1 | |
| Storm Hammers | 1 | |
7 total
» buildings
| Altar of Kings | 1 | |
| Farm | 16 | |
| Barracks | 2 | |
| Arcane Vault | 1 | |
| Town Hall | 1 | |
| Lumber Mill | 1 | |
| Keep | 1 | |
| Blacksmith | 1 | |
| Scout Tower | 18 | |
| Guard Tower | 9 | |
| Castle | 1 | |
| Gryphon Aviary | 2 | |
54 total
» build order
00:08 Altar of Kings
00:11 Farm
00:27 Barracks
00:53 Farm
01:36 Farm
01:54 Arcane Vault
02:49 Farm
03:45 Town Hall
04:01 Lumber Mill
06:48 Keep
06:51 Blacksmith
06:55 Farm
06:56 Farm
07:12 Scout Tower
07:13 Scout Tower
07:13 Scout Tower
07:36 Scout Tower
07:38 Scout Tower
07:38 Scout Tower
08:07 Guard Tower
08:31 Farm
08:33 Guard Tower
08:40 Guard Tower
08:42 Scout Tower
09:27 Farm
09:42 Guard Tower
11:03 Castle
11:10 Barracks
11:31 Farm
11:45 Scout Tower
11:46 Scout Tower
11:48 Scout Tower
11:49 Scout Tower
11:50 Scout Tower
12:22 Gryphon Aviary
12:25 Gryphon Aviary
12:42 Guard Tower
13:05 Guard Tower
13:58 Farm
13:58 Farm
13:58 Farm
13:59 Farm
14:10 Guard Tower
14:27 Scout Tower
15:04 Guard Tower
15:07 Scout Tower
15:39 Guard Tower
17:08 Farm
17:08 Farm
17:08 Farm
17:43 Scout Tower
17:44 Scout Tower
17:45 Scout Tower
17:46 Scout Tower
» items
| Scroll of Regeneration | 2 | |
| Lesser Clarity Potion | 1 | |
| Potion of Lesser Invulnerability | 2 | |
| Scroll of Healing | 2 | |
| Periapt of Vitality | 1 | |
| Potion of Healing | 1 | |
| Orb of Fire | 1 | |
10 total

»
lMA.DO.SHlT (
red | 44 APM | 720 actions | 16:32)
3 Mountain King
2 Storm Bolt
1 Bash
1 Tauren Chieftain
1 Endurance Aura
» actions
| Assign group hotkey | 11 | |
| Build / train | 54 | |
| ESC pressed | 1 | |
| Enter build submenu | 22 | |
| Enter hero's abilities submenu | 4 | |
| Remove unit from queue | 1 | |
| Right click | 225 | |
| Select / deselect | 186 | |
| Select group hotkey | 158 | |
| Use ability | 58 | |
720 total
» units
| Peasant | 12 | |
| Footman | 4 | |
| Goblin Shredder | 3 | |
| Mortar Team | 2 | |
| Flying Machine | 11 | |
32 total
» upgrades
| Lumber Harvesting | 2 | |
| Gunpowder | 1 | |
| Flak Cannons | 1 | |
| Flying Machine Bombs | 1 | |
| Fragmentation Shards | 1 | |
| Masonry | 1 | |
| Flare | 1 | |
8 total
» buildings
| Farm | 13 | |
| Barracks | 1 | |
| Altar of Kings | 1 | |
| Lumber Mill | 2 | |
| Keep | 1 | |
| Town Hall | 2 | |
| Blacksmith | 1 | |
| Castle | 1 | |
| Workshop | 6 | |
| Arcane Vault | 1 | |
29 total
» build order
00:19 Farm
00:36 Barracks
00:55 Farm
01:18 Altar of Kings
01:35 Farm
01:48 Lumber Mill
03:23 Keep
04:22 Town Hall
05:07 Farm
05:27 Lumber Mill
05:33 Blacksmith
06:07 Castle
06:35 Workshop
06:37 Workshop
06:38 Workshop
06:51 Workshop
07:07 Workshop
07:17 Workshop
08:06 Farm
08:07 Farm
08:07 Farm
08:08 Farm
08:09 Farm
08:10 Farm
08:10 Farm
10:03 Arcane Vault
11:00 Farm
11:01 Farm
11:15 Town Hall
» items
| Healing Salve | 2 | |
| Scroll of Town Portal | 2 | |
| Scroll of Speed | 1 | |
5 total
Chat log
(00:06 / Allies) Accension: hoi
(00:09 / Allies) badnurse: hey
(00:26 / All) XBOX-720-SUCKS: kodo #1
(00:28 / Allies) Accension: unit
(00:32 / Allies) lsx-: panda hippo mgs
(00:36 / All) seiyakevin: kk
(00:43 / Allies) Accension: i do melee
(00:44 / Allies) badnurse: bears
(00:52 / Allies) Accension: hmmm nm
(01:07 / Allies) lsx-: get lust whatever you do
(01:12 / Allies) Accension: kk
(01:37 / Allies) lsx-: taking that
(01:45 / Allies) badnurse: makes sense
(02:18 / Allies) XBOX-720-SUCKS: control plz green
(02:35 / Allies) lsx-: nice choice
(02:37 / Allies) lsx-: panda bros
(03:17 / Allies) lsx-: whats your aka yellow
(04:40 / Allies) XBOX-720-SUCKS: arrogant bastard tkaing my items
(04:54 / Allies) Accension: okay mr pro have expo and item plz
(05:04 / Allies) lsx-: thats how it goes usuall
(06:22 / Allies) lsx-: after that lets hit expos teal
(06:28 / Allies) lsx-: gonna get 3 real quick
(07:20 / Allies) badnurse: COMING GREEN
(07:59 / Allies) XBOX-720-SUCKS: let us rape expos
(08:05 / Allies) badnurse: I AGREE
(08:20 / Allies) XBOX-720-SUCKS: wood?
(09:47 / Allies) Accension: gold?
(09:55 / Allies) badnurse: \SORRY
(10:00 / Allies) badnurse: sorry
(10:32 / Allies) lsx-: b
(11:36 / Allies) badnurse: gonna need some hel[
(11:55 / Allies) lsx-: kk
(11:58 / Allies) badnurse: thanks
(11:59 / Allies) lsx-: i dont have much
(12:00 / Allies) lsx-: someone tp
(12:27 / Allies) lsx-: k lets hit?
(12:31 / Allies) badnurse: sure
(13:13 / Allies) lsx-: i got the aa
(13:17 / Allies) Accension: k
(13:17 / Allies) lsx-: so no web if neccisary
(14:42 / Allies) badnurse: get castle
(15:14 / Allies) Accension: tp?
(15:15 / Allies) lsx-: tp?
(15:18 / Allies) lsx-: just 1
(15:24 / Allies) Accension: who?
(15:25 / Allies) lsx-: go rape burrows
(15:31 / Allies) badnurse: i'll go
(15:31 / Allies) lsx-: i will
(15:34 / Allies) badnurse: no, nme
(15:40 / Allies) lsx-: okay
(16:00 / Allies) badnurse: need help
(16:05 / Allies) lsx-: tp
(16:10 / Allies) Accension: tp
(18:32 / All) XBOX-720-SUCKS: gg
(20:12 / Allies) XBOX-720-SUCKS: we should have towered chokes i wanted along game
(20:13 / All) lsx-: gg breh
(20:20 / Allies) lsx-: what
(20:20 / Allies) Accension: lool
(20:21 / All) badnurse: gg
(22:49 / All) XBOX-720-SUCKS: u are a true warrior oj
(22:50 / All) Accension: retreat
(22:55 / All) Accension: you have claimed your loss